 Dungeon Crawl Stone Soup version 0.31.0-9-g3a7656b989 (webtiles) character file.

Game seed: 13538032053203558547

5966 Peloso the Carver (level 10, -7/91 HPs)
             Began as a Minotaur Fighter on Feb 5, 2024.
             Was an Elder of Okawaru.
             Killed from afar by Lodul (25 damage)
             ... with a bolt of lightning
             ... on level 10 of the Dungeon.
             The game lasted 00:13:42 (9185 turns).

Peloso the Carver (Minotaur Fighter)                Turns: 9185, Time: 00:13:43

Health: -7/91      AC: 13    Str: 26    XL:     10   Next: 55%
Magic:  9/9        EV: 10    Int:  5    God:    Okawaru [****..]
Gold:   395        SH:  6    Dex: 15    Spells: 9/9 levels left

rFire   . . .        a - +0 scimitar
rCold   . . .        d - +0 buckler
rNeg    . . .        r - +0 chain mail
rPois   .            (helmet restricted)
rElec   .            (no cloak)
rCorr   .            c - +0 pair of gloves
SInv    .            (no boots)
Will    .....        (no amulet) Stlth
                     e - +6 ring of strength
HPRegen 0.35/turn    w - +4 ring of slaying
MPRegen 0.11/turn

%: no passive effects
@: about to teleport
A: horns 2, retaliatory headbutt
a: Renounce Religion, Heroism, Finesse


You were on level 10 of the Dungeon.
You worshipped Okawaru.
Okawaru was greatly pleased with you.
You visited 1 branch of the dungeon, and saw 10 of its levels.

You collected 530 gold pieces.
You spent 135 gold pieces at shops.

Inventory:

Hand Weapons
 a - a +0 scimitar (weapon)
Missiles
 y - a throwing net (quivered)
Armour
 b - a +0 scale mail
 c - a +0 pair of gloves (worn)
 d - a +0 buckler (worn)
 r - a +0 chain mail (worn)
Jewellery
 e - a +6 ring of strength (left hand)
 f - an amulet of magic regeneration
 g - the ring "Ocaxoah" {Fire rPois Int+4}
   (You took it off a kobold on level 4 of the Dungeon)

   [ring of fire]

   Fire:      It enhances your fire magic.
   Int+4:     It affects your intelligence (+4).
   rF+:       It protects you from fire.
   rC-:       It makes you vulnerable to cold.
   rPois:     It protects you from poison
 l - a +5 ring of evasion
 q - a ring of wizardry
 s - an amulet of faith
 v - a +6 ring of strength
 w - a +4 ring of slaying (right hand)
Wands
 h - a wand of paralysis (12)
 m - a wand of digging (6)
 u - a wand of flame (23)
Scrolls
 k - 2 scrolls of teleportation
 n - 2 scrolls of poison
 o - a scroll of fog
 x - 2 scrolls of fear
Potions
 i - 3 potions of curing
 j - a potion of resistance
 p - 4 potions of magic
 z - a potion of might
 A - a potion of berserk rage
Miscellaneous
 t - a phial of floods (inert)


   Skills:
 + Level 9.0 Fighting
 + Level 12.5 Long Blades
 + Level 10.3 Armour
 + Level 4.0 Dodging
 + Level 0.6 Stealth
 + Level 6.3 Shields


You had 9 spell levels left.
You didn't know any spells.
Your spell library contained the following spells:

 Spells                   Type           Power      Damage    Failure   Level
 Magic Dart               Conj           0%         1d3       94%         1
 Searing Ray              Conj           0%         2d4       98%         2
 Sigil of Binding         Hex            0%         N/A       100%        3
 Dimensional Bullseye     Hex/Tloc       0%         N/A       100%        4
 Fulminant Prism          Conj/Alch      0%         3d5       100%        4
 Ignite Poison            Fire/Alch      0%         N/A       100%        4
 Sticky Flame             Fire/Alch      0%         2d4       100%        4
 Ignition                 Fire           0%         3d3       100%        8
 Call Canine Familiar     Summ           Unusable   N/A       N/A         3

Dungeon Overview and Level Annotations

Branches:
Dungeon (10/15)            Temple (0/1) D:5            Lair (0/5) D:9
    Orc: D:9-12

Altars:
Cheibriados
Dithmenos
Fedhas
Gozag
Kikubaaqudgha
Makhleb
Okawaru
Qazlal
Ru
Vehumet
Wu Jian
Zin
The Shining One

Shops:
D:2 *   D:3 =   D:9 *(?

Annotations:
D:10 Lodul


Innate Abilities, Weirdness & Mutations

You have a pair of horns on your head.
You reflexively headbutt those who attack you in melee.


Message History

The torrent of water hits the troll!
The troll is almost dead.
The troll is knocked back by the torrent of water.
The troll collides with Lodul!
The troll is almost dead.
The troll is engulfed in water.
The wave splashes down.
Splash!
You fall into the shallow water.
Moving in this stuff is going to be slow.
The ogre is engulfed in water.
Lodul is engulfed in water.
The troll is engulfed in water.
You hear a shout!
You hear a bellow! x5
An ogre comes into view. It is wielding a +0 giant club.
Your unstable footing causes you to fumble your attack.
The troll bites you! The troll claws you but does no damage.
The troll closely misses you.
Unknown command.
You closely miss the troll. You headbutt the troll.
The troll is almost dead.
The troll bites you!
* * * LOW HITPOINT WARNING * * *
The troll claws you.
* * * LOW HITPOINT WARNING * * *
The troll claws you but does no damage.
The ogre shouts!
Lodul is no longer waterlogged.
The ogre is no longer waterlogged.
The troll is no longer waterlogged.
You block the ogre's attack.
You slash the ogre! You headbutt the ogre!
The ogre is severely wounded.
The troll is no longer waterlogged.
An ogre comes into view. It is wielding a +0 giant spiked club.
The troll bites you.
* * * LOW HITPOINT WARNING * * *
The troll closely misses you. The troll claws you but does no damage.
You block the ogre's attack.
As you read the scroll of teleportation, it crumbles to dust.
You feel strangely unstable.
Electricity crackles from Lodul's apparatus.
The bolt of lightning hits you!!
You die...

O.O.... ##
###.O.......
##.##..#........
#.....O.........
##...O.##........
##..(..O##.......
... ....#..O##OO>.#
.... .......@TTOW##
..... ......####oY.#
.o...... ...(.
#Y..###........ ....
..###..##...o..$...
#..
.........Y..#..o....
##
........TY.###o.....
...(.....oo.#.......
.........Y>Yo.......
...........#........


You could see Lodul, a yak, 2 trolls, a wraith, an orc warrior and 6 ogres.

Vanquished Creatures
  Pikel (D:4)
  2 trolls (D:9)
  A hornet (D:8)
  Sigmund (D:5)
  A wyvern (D:8)
  7 yaks
  2 steam dragons
  Menkaure (D:4)
  Edmund (D:5)
  An acid dragon (D:7)
  A water moccasin (D:7)
  Duvessa (D:4)
  2 orc warriors
  A black bear (D:3)
  An ogre (D:5)
  A wolf (D:9)
  A phantom (D:4)
  3 centaurs
  2 kobold brigands
  2 scorpions
  6 bullfrogs
  Dowan (D:4)
  3 howler monkeys (D:8)
  An electric eel (D:9)
  2 bombardier beetles
  6 hounds
  An orc priest (D:6)
  2 sleepcaps
  An iguana (D:7)
  3 jellies (D:6)
  2 gnoll boudas
  7 orc wizards
  9 adders
  21 gnolls
  4 ufetubi
  4 dart slugs
  A ribbon worm (D:3)
  22 orcs
  8 bats
  8 endoplasms
  6 giant cockroaches
  9 goblins
  6 hobgoblins
  4 jackals (D:2)
  3 quokkas
  11 ball pythons
  2 frilled lizards (D:3)
  12 kobolds
  6 rats
204 creatures vanquished.

Notes
Turn   | Place    | Note
-------+----------+-------------------------------------------
     0 | D:1      | Peloso the Minotaur Fighter began the quest for the Orb.
     0 | D:1      | Reached XP level 1. HP: 19/19 MP: 0/0
   112 | D:1      | Reached XP level 2. HP: 13/27 MP: 1/1
   345 | D:1      | Reached XP level 3. HP: 33/33 MP: 2/2
   759 | D:1      | Reached skill level 3 in Long Blades
  1061 | D:2      | Found a burning altar of Makhleb.
  1107 | D:2      | Reached skill level 1 in Dodging
  1219 | D:2      | Reached XP level 4. HP: 40/40 MP: 3/3
  1494 | D:2      | Found Larruidwi's Assorted Antiques.
  1499 | D:2      | Bought a scroll labelled CIBLIL WAGI for 18 gold pieces
  1499 | D:2      | Bought a scroll labelled TYLUUC ESHRAZEMN for 18 gold
                  | pieces
  1499 | D:2      | Bought a scroll labelled EGUMPE PUWAO for 18 gold pieces
  1499 | D:2      | Bought a fuming coppery potion for 16 gold pieces
  1745 | D:3      | Found Qaoxuu's Jewellery Emporium.
  1888 | D:3      | Identified the +6 mace of Gallantry {antimagic, rPois rN+
                  | Will++}
  2019 | D:3      | Found an ornate altar of the Wu Jian Council.
  2024 | D:3      | Found an opulent altar of Gozag.
  2181 | D:3      | Noticed a black bear
  2189 | D:3      | Killed a black bear
  2190 | D:3      | Reached skill level 4 in Long Blades
  2190 | D:3      | Reached skill level 5 in Armour
  2190 | D:3      | Reached XP level 5. HP: 32/47 MP: 4/4
  2662 | D:4      | Found a blossoming altar of Fedhas.
  2664 | D:4      | Found an iron altar of Okawaru.
  2665 | D:4      | Noticed Duvessa
  2665 | D:4      | Noticed Dowan
  2672 | D:4      | Noticed Pikel
  2674 | D:4      | Noticed a lemure
  2677 | D:4      | Killed Duvessa
  2677 | D:4      | Noticed a lemure
  2678 | D:4      | Reached skill level 5 in Long Blades
  2678 | D:4      | Reached XP level 6. HP: 50/53 MP: 5/5
  2681 | D:4      | Killed Dowan
  2688 | D:4      | Killed Pikel
  2689 | D:4      | Reached skill level 5 in Fighting
  2689 | D:4      | Reached skill level 7 in Long Blades
  2689 | D:4      | Reached XP level 7. HP: 46/61 MP: 6/6
  2698 | D:4      | Found a sacrificial altar of Ru.
  2700 | D:4      | Became a worshipper of Warmaster Okawaru
  2739 | D:4      | Found a snail-covered altar of Cheibriados.
  2858 | D:4      | Found a radiant altar of Vehumet.
  2862 | D:4      | Identified the ring "Ocaxoah" {Fire rPois Int+4}
  3001 | D:4      | Found a glowing golden altar of the Shining One.
  3206 | D:4      | Reached skill level 8 in Long Blades
  3240 | D:4      | Noticed Menkaure
  3244 | D:4      | Reached XP level 8. HP: 68/69 MP: 7/7
  3249 | D:4      | Killed Menkaure
  3328 | D:5      | Entered Level 5 of the Dungeon
  3448 | D:5      | Noticed Sigmund
  3461 | D:5      | Killed Sigmund
  3462 | D:5      | Reached skill level 9 in Long Blades
  3600 | D:5      | Noticed Edmund
  3615 | D:5      | Killed Edmund
  3615 | D:5      | Reached * piety under Okawaru
  4933 | D:5      | Found a staircase to the Ecumenical Temple.
  5236 | D:5      | Reached skill level 5 in Shields
  5247 | D:5      | Found an ancient bone altar of Kikubaaqudgha.
  5318 | D:6      | You fall into a shaft and drop 3 floors!
  5342 | D:9      | Noticed a troll
  5425 | D:7      | Reached skill level 10 in Long Blades
  5509 | D:7      | Reached XP level 9. HP: 64/75 MP: 8/8
  5667 | D:7      | Reached ** piety under Okawaru
  6205 | D:6      | Found a stormy altar of Qazlal.
  6251 | D:6      | Found a shadowy altar of Dithmenos.
  6326 | D:6      | Reached skill level 11 in Long Blades
  6772 | D:6      | Found a glowing silver altar of Zin.
  6772 | D:6      | Found a burning altar of Makhleb.
  6773 | D:6      | Noticed a balrug
  6773 | D:6      | Noticed an angel
  7128 | D:8      | Reached *** piety under Okawaru
  7134 | D:8      | Identified the +2 robe of Makhleb's Pride {Archmagi}
  7375 | D:8      | Reached XP level 10. HP: 60/88 MP: 9/9
  8099 | D:9      | Reached skill level 10 in Armour
  8232 | D:9      | Reached skill level 12 in Long Blades
  8328 | D:9      | Found a staircase to the Lair.
  8471 | D:9      | Reached **** piety under Okawaru
  8617 | D:9      | Found Viahilom's Magic Scroll Shoppe.
  8620 | D:9      | Bought a scroll of identify for 26 gold pieces
  8628 | D:9      | Bought a scroll of noise for 13 gold pieces
  8674 | D:9      | Found Ywneh's Weapon Shop.
  8923 | D:9      | Found Zugegg's General Store.
  8930 | D:9      | Bought a scroll of identify for 26 gold pieces
  9121 | D:10     | Entered Level 10 of the Dungeon
  9172 | D:10     | Noticed Lodul
  9185 | D:10     | Killed from afar by Lodul

Illustrated notes

Levels and vault maps discovered:
D:1:      lightli_arrival_noodles, layout_loops_ring
D:2:      layout_loops_ring, serial_shops, nicolae_shop_dealshenge, basic_altar
D:3:      minmay_chambers_of_threes, layout_basic,
          amethyst_overflow_temple_binary, serial_shops,
          nicolae_shop_getting_attention, minmay_statues_item
D:4:      layout_loops_ring, mainiacjoe_overflow_small_starburst,
          nicolae_overflow_macrodata_refinement, nicolae_vehumet_altar_sigil,
          uniq_pikel, uniq_menkaure, uniq_duvessa
D:5:      layout_layer_cave, marbit_many_paths, temple_green, uniq_edmund,
          uniq_sigmund
D:6:      layout_cave_pools, grunt_temple_overflow_order_and_chaos_2,
          nicolae_dithmenos_the_darkroom, nicolae_qazlal_style_of_elements,
          nicolae_ossuary_entry_plus
D:7:      nicolae_cairo_tiling_large_dashed, layout_rooms, st_stairs_12,
          nicolae_concentric_dashed_squares_mild
D:8:      minmay_inner_zag, layout_rooms
D:9:      layout_small_grid, erik_lair_island, serial_shops,
          nicolae_shop_statue_plus, kennysheep_mini,
          nicolae_shop_advertising_works [nicolae_subvault_shop_adworks]
D:10:     layout_cave_pools, cheibrodos_ashenzari_chains,
          ebering_ghost_funeral_grove, uniq_lodul

Skill      XL: |  1  2  3  4  5  6  7  8  9 10 |
---------------+-------------------------------+-----
Armour         | 4 5 6 8 9 10 | 10.3
Fighting       | 4 5 6 8 9 |  9.0
Long Blades    | 3 4 5 7 8 10 11 12 | 12.5
Dodging        | 1 2 3 4 |  4.0
Shields        | 4 5 6 |  6.3
Stealth        | |  0.6

Action                     |  1- 3 |  4- 6 |  7- 9 | 10-12 || total
---------------------------+-------+-------+-------+-------++-------
  Melee: Long sword        |    79 |    85 |   283 |    81 ||   528
         Headbutt          |    14 |    11 |    60 |    22 ||   107
         Scimitar          |       |       |       |     9 ||     9
  Evoke: Wand              |       |       |       |     2 ||     2
         Phial of floods   |       |       |       |     1 ||     1
    Use: Potion            |     1 |     1 |       |       ||     2
         Scroll            |       |     4 |     6 |     4 ||    14
 Armour: Scale mail        |    55 |    12 |       |       ||    67
         Chain mail        |       |    51 |   242 |    98 ||   391
  Dodge: Dodged            |    45 |    42 |   120 |    45 ||   252
  Block: Buckler           |    17 |    21 |    89 |    28 ||   155
